Map: Imperio eterno EE

Players

Rodbass - Winner!

  • Race: Protoss Protoss
  • League: Bronze
  • Spawn Location: 7:00

MrFercho

  • Race: Zerg Zerg
  • League: Silver
  • Spawn Location: 1:00

VOD

Have the link to the VOD?

Description

Time

  • Played on: July 4, 2020, 10:59 a.m.
  • Length: 11:52
Show
View Real Time Build Order
Export as new Build Order

Rodbass Protoss - Winner!

Build Orders:  

Get SALT Encoding   

  12  0:02  Probe  
  13  0:17  Pylon  
  13  0:18  Probe  
  14  0:26  Probe  
  14  0:33  Assimilator  
  14  0:34  Probe  
  16  0:46  Probe  
  16  0:48  Gateway  
  17  0:58  Probe  
  17  0:59  Pylon  
  18  1:05  Assimilator  
  18  1:07  Probe  
  19  1:16  Probe  
  20  1:32  Gateway  
  20  1:37  Cybernetics Core  
  20  1:40  Zealot  
  20  1:42  Probe  
  23  1:54  Probe  
  24  2:06  Probe  
  25  2:10  Zealot  
  25  2:12  Warp Gate  
  27  2:20  Sentry  
  29  2:29  Robotics Facility  
  29  2:34  Pylon  
  29  2:40  Sentry  
  31  2:48  Pylon  
  31  2:52  Stalker, Probe  
  34  3:04  Probe  
  35  3:13  Probe  
  35  3:15  Nexus  
  36  3:21  Probe  
  36  3:22  Observer  
  36  3:25  Zealot  
  40  3:29  Sentry  
  40  3:33  Probe  
  43  3:45  Probe  
  44  4:07  Stargate  
  44  4:11  Pylon  
  44  4:12  Probe  
  44  4:13  Forge  
  45  4:17  Gateway  
  45  4:20  Probe  
  46  4:30  Probe  
  46  4:32  Assimilator  
  47  4:42  Probe  
  48  4:50  Immortal  
  48  4:57  Stalker x2  
  56  5:01  Void Ray  
  60  5:07  Probe  
  60  5:10  Probe  
  60  5:13  Assimilator  
  61  5:18  Probe  
  61  5:19  Probe  
  63  5:24  Immortal  
  64  5:31  Probe  
  69  5:41  Pylon  
  69  5:44  Pylon  
  69  5:46  Pylon  
  69  6:03  Observer  
  70  6:05  Stalker  
  70  6:06  Stalker x2  
  76  6:15  Fleet Beacon  
  76  6:17  Pylon  
  76  6:20  Probe  
  76  6:21  Pylon  
  77  6:28  Probe  
  78  6:38  Probe  
  79  6:58  Stalker  
  79  6:59  Stalker x2  
  85  7:03  Immortal  
  89  7:11  Carrier  
  95  7:17  Probe  
  95  7:22  Zealot x2  
  98  7:23  Zealot  
  98  7:29  Probe  
  97  8:15  Stalker  
  97  8:16  Stalker  
  97  8:17  Mothership  
  107  8:21  Zealot  
  109  8:43  Protoss Ground Weapons Level 1  
  109  8:45  Carrier  
  103  8:55  Protoss Air Weapons Level 1  
  103  9:04  Zealot  
  103  9:05  Zealot x2  
  103  9:09  Nexus  
  108  9:38  Stalker x2  
  108  9:44  Stargate  
  106  9:49  Robotics Facility  
  100  9:53  Pylon  
  100  9:55  Pylon, Carrier  
  100  9:57  Pylon  
  100  9:59  Pylon  
  106  10:00  Zealot  
  106  10:01  Zealot  
  100  10:43  Twilight Council  
  90  11:38  Stalker x2  
  90  11:39  Stalker  
Show
View Real Time Build Order
Export as new Build Order

MrFercho Zerg 

Build Orders: Hatch First, Roach Hydra 

Get SALT Encoding   

  12  0:01  Drone  
  13  0:12  Overlord  
  13  0:17  Drone  
  14  0:31  Drone x2  
  16  0:51  Hatchery  
  16  0:53  Drone  
  16  1:10  Spawning Pool  
  15  1:13  Drone  
  15  1:16  Drone  
  17  1:19  Drone  
  17  1:24  Drone  
  19  1:29  Extractor  
  18  1:34  Drone  
  19  1:46  Drone  
  20  1:57  Overlord, Queen  
  22  2:04  Queen  
  22  2:07  Zergling x2  
  25  2:11  Drone  
  26  2:17  Drone  
  27  2:26  Drone x2  
  27  2:29  Drone  
  30  2:36  Lair  
  30  2:39  Drone  
  30  2:40  Drone  
  32  2:44  Queen  
  32  2:49  Overlord  
  34  3:00  Drone x2  
  36  3:09  Roach Warren  
  35  3:19  Evolution Chamber  
  34  3:21  Drone x6  
  40  3:37  Drone  
  40  3:38  Drone x3  
  44  3:42  Extractor  
  44  3:44  Extractor  
  42  3:49  Zerg Missile Weapons Level 1  
  42  3:50  Glial Reconstitution  
  42  3:53  Roach  
  44  4:12  Overlord x2  
  44  4:13  Overlord  
  44  4:14  Overlord  
  44  4:21  Extractor  
  44  4:22  Drone  
  44  4:32  Drone x5  
  44  4:33  Drone x4  
  53  4:45  Roach x3  
  59  4:59  Spore Crawler  
  58  5:07  Roach  
  58  5:08  Roach x5  
  70  5:27  Evolution Chamber  
  69  5:30  Hatchery  
  69  5:34  Hydralisk Den  
  67  5:37  Spore Crawler  
  67  5:40  Spine Crawler  
  67  5:41  Spine Crawler  
  67  5:42  Drone x2  
  66  5:43  Drone x2  
  66  5:44  Spine Crawler  
  66  5:45  Drone x2  
  69  5:54  Overlord  
  69  5:55  Overlord  
  69  5:57  Zerg Missile Weapons Level 2  
  69  5:59  Zerg Ground Armor Level 1  
  69  6:27  Drone  
  69  6:28  Drone  
  69  6:30  Spine Crawler  
  69  6:32  Spine Crawler  
  69  6:34  Drone x3  
  69  6:35  Drone x5  
  77  7:03  Lurker Den  
  76  7:09  Infestation Pit  
  76  7:10  Drone  
  76  7:11  Spire  
  76  7:13  Grooved Spines  
  76  7:14  Drone x6  
  76  7:15  Drone x5  
  86  7:19  Extractor, Queen  
  86  7:20  Extractor  
  86  7:36  Hydralisk x2  
  90  7:40  Overlord x6  
  85  8:04  Hydralisk x7  
  81  8:16  Hydralisk x6  
  93  8:24  Muscular Augments  
  85  8:46  Hydralisk  
  85  8:47  Hydralisk x6  
  79  9:08  Hatchery  
  78  9:10  Drone x6  
  84  9:23  Hydralisk x5  
  92  9:44  Hive  
  78  9:49  Hydralisk x5  
  78  9:56  Hydralisk x3  
  84  10:26  Hydralisk x2  
  84  10:27  Hydralisk x5  
  73  10:45  Spore Crawler  
  70  10:56  Hydralisk x6  
  79  10:59  Hatchery  
  63  11:08  Hydralisk x3  
  61  11:15  Hydralisk x2  
Tags
 
Composition
Roach Hydra
Matchup
PvZ
Replay Pack
MrFercho
Spawn Locations
Cross Positions
Add a new tag
Caveats
  • Supply blocks, unpowered buildings, or Contaminate may cause inaccurate times.
  • Supply counts are checked every 10 seconds.